 Dungeon Crawl Stone Soup version 0.19-a0-981-gaae9137 (webtiles) character file.

1401 mistymad the Spear-Bearer (level 8, -2/64 HPs)
             Began as a Merfolk Gladiator on July 15, 2016.
             Was an Initiate of Fedhas.
             Killed from afar by Pikel (12 damage)
             ... with a wand of lightning
             ... on level 7 of the Dungeon.
             The game lasted 00:13:27 (7227 turns).

mistymad the Spear-Bearer (Merfolk Gladiator)       Turns: 7227, Time: 00:13:28

Health: -2/64      AC:  8    Str: 15    XL:     8   Next: 69%
Magic:  8/8        EV: 16    Int: 10    God:    Fedhas [......]
Gold:   265        SH:  0    Dex: 16    Spells: 0 memorised, 7 levels left

rFire  . . .     SeeInvis +     a - +1 trident
rCold  . . .     Gourm    .     l - +3 leather armour
rNeg   . . .     Faith    .     (no shield)
rPois  +         Spirit   .     u - +0 helmet {SInv}
rElec  .         Dismiss  .     (no cloak)
rCorr  .         Reflect  .     (no gloves)
SustAt .         Harm     .     (no boots)
MR     .....     Rnd*Rage +     (no amulet)
Stlth  +.........               i - ring of poison resistance
                                j - +2 ring of protection

@: drained, not resistant to hostile enchantments, very unstealthy
A: change form in water, swift swim, berserk 1, clever 1, deformed body, shaggy
fur 1, wild magic 1
a: Renounce Religion


You were on level 7 of the Dungeon.
You worshipped Fedhas.
Fedhas was noncommittal.
You were not hungry.

You visited 2 branches of the dungeon, and saw 8 of its levels.

You collected 265 gold pieces.

Inventory:

Hand Weapons
 a - a +1 trident (weapon)
Missiles
 d - 3 throwing nets (quivered)
Armour
 l - a +3 leather armour (worn)
 u - a +0 helmet of see invisible (worn)
 v - a +2 leather armour of fire resistance
Jewellery
 i - a ring of poison resistance (right hand)
 j - a +2 ring of protection (left hand)
 o - an uncursed ring of see invisible {unknown}
 s - an uncursed ring of protection from magic {unknown}
Wands
 k - a wand of paralysis (19/24)
Scrolls
 e - 5 scrolls of identify
 g - 6 scrolls of remove curse
 h - a scroll of fog
 n - 3 scrolls of enchant weapon
 q - a scroll of magic mapping
 t - a scroll of enchant armour {unknown}
 x - a scroll of recharging {unknown}
Potions
 c - 2 potions of brilliance {unknown}
 m - 3 potions of heal wounds {unknown}
 r - a potion of flight {unknown}
 w - a potion of berserk rage
Comestibles
 b - 2 fruits
 f - 4 bread rations
 p - 2 beef jerkies


   Skills:
 + Level 6.2(5.2) Fighting
 + Level 9.3(8.2) Polearms
 - Level 2.0(1.1) Throwing
 + Level 3.1(2.2) Armour
 + Level 7.9(6.8) Dodging


You had 7 spell levels left.
You didn't know any spells.

Dungeon Overview and Level Annotations

Branches:
Dungeon (7/15)             Temple (1/1) D:5

Altars:
Ashenzari
Cheibriados
Dithmenos
Elyvilon
Fedhas
Gozag
Hepliaklqana
Kikubaaqudgha
Makhleb
Nemelex Xobeh
Okawaru
Pakellas
Qazlal
Ru
Sif Muna
Trog
Uskayaw
Vehumet
Xom
Yredelemnul
The Shining One

Shops:
D:5 [   D:6 (

Annotations:
D:7 Pikel


Innate Abilities, Weirdness & Mutations

You revert to your normal form in water.
You are very nimble and swift while swimming.
You tend to lose your temper in combat.
Your mind is acute. (Int +2)
Armour fits poorly on your strangely shaped body.
You are covered in fur. (AC +1)
Your spells are a little harder to cast, but a little more powerful.


Message History

You take 6 damage, and have 56/64 hp.
You hit Pikel.
Pikel is moderately wounded.
Pikel hits you with a whip of freezing. Pikel freezes you.
You take 6 damage, and have 50/64 hp.
You puncture Pikel!
Pikel is heavily wounded.
Pikel zaps a wand.
The bolt of lightning misses you.
It is a wand of lightning.
You closely miss Pikel.
Pikel is heavily wounded.
Pikel zaps a wand.
The bolt of lightning hits you!
Pikel zaps a wand.
The bolt of lightning hits you!
* * * LOW HITPOINT WARNING * * *
You are too injured to fight recklessly!
You take 41 damage, and have 10/64 hp.
MASSIVE DAMAGE!!
You are too injured to fight recklessly!
You are too injured to fight recklessly!
Pikel zaps a wand.
The bolt of lightning hits you!
You die...
Fedhas appreciates your contribution to the ecosystem.

.# ## #. #....
.# ..... ##.#
#.....
#.>##....K.
#.##...p...
##K#........
#.#.pp......
##@#Fp.......
#............
#............
##............
#.<...........
#.##........##
#.. ##....####
.... ######
.....


You could see Pikel.

Vanquished Creatures
  Menkaure (D:5)
  2 sky beasts (D:6)
  2 ogres (D:6)
  2 centaurs (D:6)
  A giant frog (D:6)
  A wyvern skeleton (D:5)
  2 wights (D:6)
  A crimson imp (D:4)
  3 orc wizards
  An orc priest (D:5)
  Ijyb (D:1)
  An iguana (D:4)
  Robin (D:4)
  8 gnolls
  10 adders
  A shadow imp (D:5)
  3 oozes
  7 worms
  5 dart slugs
  6 giant geckos
  18 orcs
  8 giant cockroaches
  10 goblins
  10 hobgoblins
  12 jackals
  3 quokkas
  2 ball pythons
  6 bats
  10 giant newts
  7 kobolds
  7 rats
152 creatures vanquished.

Vanquished Creatures (others)
  12 toadstools
12 creatures vanquished.

Grand Total: 164 creatures vanquished

Notes
Turn   | Place    | Note
-------+----------+-------------------------------------------
     0 | D:1      | mistymad the Merfolk Gladiator began the quest for the Orb.
     0 | D:1      | Reached XP level 1. HP: 16/16 MP: 1/1
   127 | D:1      | Reached XP level 2. HP: 21/23 MP: 2/2
   368 | D:1      | Reached XP level 3. HP: 22/28 MP: 3/3
   451 | D:1      | Found a sparkling altar of Nemelex Xobeh.
   478 | D:1      | Reached skill level 5 in Polearms
   711 | D:1      | Reached XP level 4. HP: 10/35 MP: 4/4
  1449 | D:2      | Noticed Ijyb
  1985 | D:1      | Killed Ijyb
  1985 | D:1      | Reached skill level 6 in Polearms
  1985 | D:1      | Reached skill level 5 in Dodging
  1985 | D:1      | Reached XP level 5. HP: 10/42 MP: 5/5
  3043 | D:2      | Found a sparkling altar of Nemelex Xobeh.
  3332 | D:3      | Reached XP level 6. HP: 38/48 MP: 6/6
  3602 | D:3      | Reached skill level 7 in Polearms
  3770 | D:3      | Found a stormy altar of Qazlal.
  4239 | D:4      | Reached skill level 1 in Armour
  4259 | D:4      | Found a hazy altar of Hepliaklqana.
  4290 | D:4      | Noticed Robin
  4309 | D:4      | Killed Robin
  4597 | D:4      | Found an ancient bone altar of Kikubaaqudgha.
  4731 | D:4      | Found a basalt altar of Yredelemnul.
  4731 | D:4      | Found an opulent altar of Gozag.
  4733 | D:4      | Found a radiant altar of Vehumet.
  4733 | D:4      | Found an oddly glowing altar of Pakellas.
  4781 | D:4      | Found a burning altar of Makhleb.
  4782 | D:4      | Found a shimmering altar of Xom.
  4794 | D:4      | Paralysed by a crimson imp for 3 turns
  4799 | D:4      | Reached XP level 7. HP: 48/55 MP: 7/7
  4873 | D:4      | Found a shadowy altar of Dithmenos.
  5061 | D:5      | Entered Level 5 of the Dungeon
  5127 | D:5      | Found a staircase to the Ecumenical Temple.
  5169 | Temple   | Entered the Ecumenical Temple
  5279 | Temple   | Became a worshipper of Fedhas Madash
  5328 | D:5      | Noticed Menkaure
  5334 | D:5      | Killed Menkaure
  5334 | D:5      | Reached skill level 5 in Fighting
  5480 | D:5      | Noticed a hand axe
  5480 | D:5      | Noticed a dagger
  5481 | D:5      | Found a hide-covered altar of Uskayaw.
  5530 | D:5      | Found Hour's Armour Boutique.
  5659 | D:5      | Reached skill level 8 in Polearms
  6167 | D:6      | Found Tovar's Weapon Shop.
  6180 | D:6      | Reached XP level 8. HP: 62/62 MP: 8/8
  6581 | D:6      | Reached skill level 9 in Polearms
  6846 | D:6      | Gained mutation: You are covered in fur. (AC +1) [mutagenic meat]
  6849 | D:6      | Gained mutation: Armour fits poorly on your strangely shaped body. [mutagenic meat]
  6852 | D:6      | Gained mutation: You tend to lose your temper in combat. [mutagenic meat]
  6855 | D:6      | Gained mutation: Your spells are a little harder to cast, but a little more powerful. [mutagenic meat]
  6858 | D:6      | Gained mutation: Your mind is acute. (Int +2) [mutagenic meat]
  7206 | D:7      | Noticed Pikel
  7227 | D:7      | Killed from afar by Pikel

Vault maps used:
D:1:      minmay_arrival_solitary_statue, nemelex_diamond_rough_becter
D:2:      lemuel_coloured_pillars_altar, st_stairs_14, uniq_iyjb
D:3:      grunt_qazlal_clouds, hangedman_decor_push, hangedman_feature_mirror
D:4:      grunt_temple_overflow_champion_of_chaos, lemuel_round_altar,
          kennysheep_mini, nicolae_overflow_crystal_walls,
          grunt_temple_overflow_cloverleaf, first_bread, uniq_robin
D:5:      dancing_weapons_uskayaw, serial_shops, shop,
          kennysheep_generic_room_15, uniq_menkaure
D:6:      serial_shops, shop, hangedman_decor_points,
          nicolae_ru_the_path_less_chosen
D:7:      lemuel_oklob_altar, uniq_joseph, uniq_pikel
Temple:   compressed_dpeg_triangle_lava_temple

Skill      XL: |  1  2  3  4  5  6  7  8 |
---------------+-------------------------+-----
Fighting       | 3 4 5 6 |  6.2
Polearms       | 5 6 7 8 9 |  9.3
Dodging        | 5 6 7 |  7.9
Armour         | 1 2 3 |  3.1
Throwing       | |  2.0

Action                   |  1- 3 |  4- 6 |  7- 9 || total
-------------------------+-------+-------+-------++-------
Melee: Spear             |   167 |   323 |       ||   490
       Trident           |     3 |   284 |   208 ||   495
  Use: Scroll            |     1 |     7 |       ||     8
       Potion            |       |     1 |       ||     1
 Stab: Sleeping          |     2 |     4 |       ||     6
  Eat: Chunk             |       |    13 |    11 ||    24
       Bread ration      |       |       |     1 ||     1
Armor: Leather armour    |    29 |   130 |    44 ||   203
       Skin              |       |     6 |       ||     6
Dodge: Dodged            |   110 |   341 |   129 ||   580
